 Dungeon Crawl Stone Soup version 0.29.1-1-gd02db6906a (webtiles) character file.

Game seed: 15728803508064143002

3583 avis the Skirmisher (level 9, -6/66 (67) HPs)
             Began as a Demigod Hunter on Sept 21, 2022.
             Mangled by a five-headed hydra (8 damage)
             ... on level 7 of the Dungeon.
             The game lasted 00:50:43 (8949 turns).

avis the Skirmisher (Demigod Hunter)                Turns: 8949, Time: 00:50:43

HP:   -6/66 (67)    AC:  9    Str: 12    XL:     9   Next: 55%
MP:   12/12         EV: 13    Int: 11    God:
Gold: 479           SH:  0    Dex: 29    Spells: 8/8 levels left

rFire   + . .      SeeInvis .   a - +7 quarterstaff of Lunenn {flame, +Blink rC++}
rCold   + + .      Faith    .   (shield currently unavailable)
rNeg    . . .      Spirit   .   n - +1 ring mail {rF+}
rPois   .          Reflect  .   M - +0 helmet
rElec   .          Harm     .   (no cloak)
rCorr   .          Rampage  .   (no gloves)
Will    .....                   I - +0 pair of boots
Stlth   ++........              (no amulet)
HPRegen 0.21/turn               (no ring)
MPRegen 0.13/turn               (no ring)

@: lightly drained
A: high MP 2, forlorn, divine attributes, frail 1, shaggy fur 1
a: Evoke Blink


You were on level 7 of the Dungeon.
You visited 2 branches of the dungeon, and saw 8 of its levels.
You also visited: Sewer.

You collected 479 gold pieces.

Inventory:

Hand Weapons
 a - the +7 quarterstaff of Lunenn (weapon) {flame, +Blink rC++}
   (You found it on level 5 of the Dungeon)

   It burns those it strikes, dealing additional fire damage.
   rC:        It greatly protects you from cold.
   +Blink:    It lets you blink.
 b - a +0 arbalest
 w - a +0 shortbow
 K - a +0 long sword
Missiles
 t - a curare-tipped dart
 u - 28 poisoned darts
 C - 2 throwing nets
Armour
 n - a +1 ring mail of fire resistance (worn)
 I - a +0 pair of boots (worn)
 M - a +0 helmet (worn)
 R - a +0 buckler
Jewellery
 g - an amulet of the acrobat
Wands
 d - a wand of flame (18)
 L - a wand of charming (1)
 Q - a wand of polymorph (9)
Scrolls
 c - a scroll of immolation
 e - 3 scrolls of enchant armour {unknown}
 f - 5 scrolls of teleportation
 o - a scroll of noise {unknown}
 p - a scroll of vulnerability {unknown}
 r - a scroll of magic mapping {unknown}
 v - a scroll of fear {unknown}
 x - a scroll of silence {unknown}
 y - a scroll of butterflies {unknown}
 D - a scroll of poison {unknown}
 J - 2 scrolls of amnesia {unknown}
Potions
 h - a potion of cancellation {unknown}
 j - 3 potions of resistance
 k - 4 potions of lignification
 m - a potion of brilliance {unknown}
 q - a potion of heal wounds {unknown}
 A - a potion of berserk rage {unknown}
 E - 2 potions of magic
 F - a potion of degeneration {unknown}
 G - 2 potions of flight
 H - 2 potions of haste
 N - 2 potions of curing


   Skills:
 - Level 6.0 Fighting
 + Level 5.4 Long Blades
 * Level 10.4 Ranged Weapons
 + Level 3.4 Dodging
 - Level 0.8 Stealth


You had 8 spell levels left.
You didn't know any spells.
Your spell library contained the following spells:

 Spells                   Type           Power      Damage    Failure   Level
 Slow                     Hex            0%         N/A       63%         1
 Static Discharge         Conj/Air       0%         3-3/arc   77%         2
 Confusing Touch          Hex            0%         N/A       94%         3
 Stone Arrow              Conj/Erth      0%         3d7       94%         3
 Vampiric Draining        Necr           0%         2d6       94%         3
 Animate Armour           Summ/Erth      0%         N/A       100%        4
 Lightning Bolt           Conj/Air       0%         1d11      100%        5
 Lehudib's Crystal Spear  Conj/Erth      0%         10d2      100%        8
 Maxwell's Capacitive Co  Air            0%         ∞         100%        8


Dungeon Overview and Level Annotations

Branches:
Dungeon (7/15)             Temple (1/1) D:5           Sewer (visited)

Shops:
D:1 :


Innate Abilities, Weirdness & Mutations

You have a considerably increased reservoir of magic. (+20% MP)
You shall have no god before yourself.
Your divine heritage dramatically boosts your attributes as you level up.
You are frail. (-10% HP)
You are covered in fur. (AC +1)


Message History

You hit the wight. You burn the wight.
The wight is severely damaged.
The vampire mosquito barely misses you.
The vampire mosquito bites you but does no damage.
The wight barely misses you.
You sock the wight! You burn the wight.
You destroy the wight!
The vampire mosquito barely misses you. The vampire mosquito bites you!
The vampire mosquito draws strength from your injuries!
The vampire mosquito closely misses you.
You hit the vampire mosquito but do no damage.
The vampire mosquito closely misses you.
The vampire mosquito bites you.
The vampire mosquito draws strength from your injuries!
You miss the vampire mosquito. The vampire mosquito barely misses you.
The vampire mosquito misses you.
You sock the five-headed hydra! You burn the five-headed hydra.
The five-headed hydra is moderately wounded.
You thump the five-headed hydra! You burn the five-headed hydra.
The five-headed hydra is heavily wounded.
The five-headed hydra barely misses you.
The five-headed hydra bites you.
The five-headed hydra closely misses you.
The five-headed hydra bites you!
The five-headed hydra bites you but does no damage.
The five-headed hydra bites you.
The five-headed hydra barely misses you.
The five-headed hydra bites you!
* * * LOW HITPOINT WARNING * * *
The five-headed hydra barely misses you.
The five-headed hydra closely misses you.
You hit the five-headed hydra. You burn the five-headed hydra.
The five-headed hydra is heavily wounded.
The five-headed hydra bites you.
* * * LOW HITPOINT WARNING * * *
The five-headed hydra bites you!
* * * LOW HITPOINT WARNING * * *
The five-headed hydra bites you but does no damage.
The five-headed hydra bites you!
You die...

#.......#..##..#####..#
##. ##.........#..##
/###..# #.......#..#.##
..###.#.
#......)†...#.# .8.$
#.. #..........#.###..
#.## ##.........#..#.#
#..#
#.....#<..##..#####).#
#..##..#...##..#)#z.#
######.#....##.@#.z#
#.......###D#
#.......#.....#
#.......#.....#
#.........#.#...
#.......#.....##.
####....#.....# # ....#
#.# # #..## ...


You could see a five-headed hydra.

Vanquished Creatures
  Sigmund (D:4)
  Edmund (D:4)
  2 orc warriors
  3 ice beasts
  2 black bears
  3 ogres
  3 centaurs (D:6)
  2 phantoms
  4 kobold brigands
  A bullfrog (D:7)
  A gnoll sergeant (D:6)
  3 scorpions (D:6)
  A necrophage (D:7)
  4 wights (D:7)
  11 hounds
  A jelly (D:6)
  An orc priest (D:4)
  3 gnoll boudas
  Jessica (D:1)
  4 iguanas
  3 orc wizards (D:3)
  10 adders
  20 gnolls
  5 river rats (Sewer)
  A shadow imp (D:5)
  3 white imps
  An ufetubus (D:4)
  2 worms
  A dart slug (D:2)
  13 orcs
  5 endoplasms
  3 giant cockroaches
  8 goblins
  15 hobgoblins
  4 jackals (D:3)
  20 kobolds
  4 quokkas
  8 ball pythons
  7 bats
  3 frilled lizards
  12 rats
200 creatures vanquished.

Vanquished Creatures (others)
  38 plants (D:6)
38 creatures vanquished.

Grand Total: 238 creatures vanquished

Notes
Turn   | Place    | Note
-------+----------+-------------------------------------------
     0 | D:1      | avis the Demigod Hunter began the quest for the Orb.
     0 | D:1      | Reached XP level 1. HP: 17/17 MP: 3/3
   219 | D:1      | Reached skill level 4 in Ranged Weapons
   219 | D:1      | Reached XP level 2. HP: 14/24 MP: 4/4
   729 | D:1      | Found Memoguc's Book Emporium.
  1205 | D:2      | Noticed Jessica
  1211 | D:1      | Killed Jessica
  1212 | D:1      | Reached XP level 3. HP: 5/30 MP: 5/5
  1585 | D:2      | Reached XP level 4. HP: 11/37 MP: 6/6
  2239 | D:2      | Reached skill level 5 in Ranged Weapons
  2627 | D:3      | Reached XP level 5. HP: 36/45 MP: 7/7
  2637 | D:3      | Found a glowing drain.
  2680 | Sewer    | Entered a sewer
  3015 | Sewer    | Reached skill level 6 in Ranged Weapons
  3015 | Sewer    | Reached XP level 6. HP: 38/52 MP: 8/8
  4248 | D:4      | Reached skill level 1 in Long Blades
  4248 | D:4      | Reached skill level 7 in Ranged Weapons
  4248 | D:4      | Reached XP level 7. HP: 30/60 MP: 9/9
  4708 | D:4      | Noticed Edmund
  4721 | D:4      | Killed Edmund
  4930 | D:4      | Noticed Sigmund
  4948 | D:4      | Killed Sigmund
  4949 | D:4      | Reached skill level 5 in Fighting
  5123 | D:5      | Entered Level 5 of the Dungeon
  5478 | D:5      | Reached XP level 8. HP: 61/68 MP: 10/10
  5512 | D:5      | Reached skill level 8 in Ranged Weapons
  6054 | D:5      | Identified the +7 quarterstaff of Lunenn {flame, +Blink
                  | rC++}
  6130 | D:5      | You fall into a shaft and drop 1 floor!
  6225 | D:6      | Gained mutation: You are frail. (-10% HP) [potion of
                  | mutation]
  6225 | D:6      | Gained mutation: You are covered in fur. (AC +1) [potion of
                  | mutation]
  6225 | D:6      | Gained mutation: You have a considerably increased
                  | reservoir of magic. (+20% MP) [potion of mutation]
  6592 | D:5      | Found a staircase to the Ecumenical Temple.
  7123 | Temple   | Entered the Ecumenical Temple
  7369 | D:6      | Reached skill level 9 in Ranged Weapons
  7822 | D:6      | Reached XP level 9. HP: 46/67 MP: 12/12
  8772 | D:7      | Reached skill level 10 in Ranged Weapons
  8893 | D:7      | Reached skill level 5 in Long Blades
  8942 | D:7      | Noticed a five-headed hydra
  8949 | D:7      | HP: 2/66 [five-headed hydra (11)]
  8949 | D:7      | Mangled by a five-headed hydra

Illustrated notes

Levels and vault maps discovered:
D:1:      dpeg_arrival_round_a, layout_loops_ring, serial_shops, shop,
          minmay_misc_feat_room
D:2:      layout_rooms, chequers_ecumenical_altar_island, uniq_jessica
D:3:      layout_loops_ring, gup_sewer_entry_glass
D:4:      layout_gridville, sigmund_edmund_badplayer
D:5:      layout_basic, mainiacjoe_overflow_surrounded_room, temple_doors_ab
D:6:      kennysheep_housing_project, layout_cave_pools, vehumet_altar_wand_db,
          minmay_fractal_squares_diagonal_5
D:7:      minmay_the_grid_octo_tiled_octocenter [minmay_the_grid_octo_teeth,
          minmay_the_grid_octo_checkered, minmay_the_grid_octo_clover_2,
          minmay_the_grid_octo_fat_diamond,
          minmay_the_grid_octo_prize_square_snowflake,
          minmay_the_grid_square_5x5_three, minmay_the_grid_square_5x5_longway,
          minmay_the_grid_square_5x5_checkered_sparse,
          minmay_the_grid_square_5x5_two_walls_b], layout_rooms,
          nicolae_ashenzari_skybound, nicolae_hepliaklqana_hazy_memory
Temple:   regret_index_temple_sphere_string

Skill      XL: |  1  2  3  4  5  6  7  8  9 |
---------------+----------------------------+-----
Fighting       | 2 3 4 5 6 |  6.0
Ranged Weapons | 4 5 6 7 9 10 | 10.4
Long Blades    | 1 2 4 5 |  5.4
Dodging        | 3 |  3.4
Stealth        | |  0.8

Action                   |  1- 3 |  4- 6 |  7- 9 || total
-------------------------+-------+-------+-------++-------
Melee: Long sword        |       |    25 |    91 ||   116
       Punch             |       |       |     1 ||     1
       Quarterstaff      |       |       |    44 ||    44
 Fire: Shortbow          |    77 |   237 |    43 ||   357
       Arbalest          |       |       |   127 ||   127
  Use: Scroll            |       |     1 |     9 ||    10
       Potion            |       |       |     3 ||     3
Armor: Leather armour    |     5 |       |       ||     5
       Ring mail         |     3 |    44 |    94 ||   141
Dodge: Dodged            |    17 |    52 |   145 ||   214
